 Dungeon Crawl Stone Soup version 0.13-a0-1536-gedae9ec (webtiles) character file.

289 Kae the Cudgeler (level 5, -6/46 HPs)
             Began as a Minotaur Berserker on June 9, 2013.
             Was a Priest of Trog.
             Killed from afar by an orc wizard (9 damage)
             ... with a magic dart
             ... on Level 3 of the Dungeon.
             The game lasted 00:01:17 (1364 turns).

Kae the Cudgeler (Minotaur Berserker)               Turns: 1364, Time: 00:01:17

HP  -6/46        AC  6     Str 22      XL: 5   Next:  7%
MP   1/1         EV 10     Int  4      God: Trog [***...]
Gold 143         SH  0     Dex 10      Spells:  0 memorised,  4 levels left

Res.Fire  : . . .   See Invis. : .   a - +0 mace
Res.Cold  : . . .   Warding    : .   r - +0 dwarf ring mail
Life Prot.: . . .   Conserve   : .   (no shield)
Res.Poison: .       Res.Corr.  : .   (helmet restricted)
Res.Elec. : .       Clarity    : .   (no cloak)
Sust.Abil.: . .     Spirit.Shd : .   (no gloves)
Res.Mut.  : .       Stasis     : .   (no boots)
Res.Rott. : .       Flight     : .   (no amulet)
Saprovore : . . .                    (no ring)
                                     (no ring)

@: exhausted, slowed, very slow, slightly resistant to hostile enchantments,
extremely unstealthy
A: retaliatory headbutt, horns 2
a: Burn Spellbooks, Berserk, Trog's Hand, Renounce Religion


You were on level 3 of the Dungeon.
You worshipped Trog.
Trog was greatly pleased with you.
You were near starving.

You visited 1 branch of the dungeon, and saw 3 of its levels.

You collected 123 gold pieces.

Inventory:

Hand weapons
 a - a +0,+0 mace (weapon)
Armour
 b - a +0 animal skin
 r - a +0 dwarven ring mail (worn)
Comestibles
 c - 2 bread rations
 i - an apple
 m - 3 chokos
 s - 2 chunks of orc flesh
Scrolls
 d - 3 scrolls of identify {unknown}
 e - a scroll of enchant weapon I {unknown}
 f - a scroll of amnesia {unknown}
 h - 3 scrolls of remove curse {unknown}
 j - a scroll of teleportation {unknown}
 k - 2 scrolls of random uselessness {unknown}
 l - 3 scrolls of blinking {unknown}
Jewellery
 n - a +0,+4 ring of slaying {unknown}
 t - an uncursed ring of see invisible {unknown}
 u - an uncursed ring of wizardry {unknown}
Potions
 g - a potion of porridge {unknown}
 o - a potion of speed {unknown}
 p - 2 potions of brilliance {unknown}
 q - a potion of heal wounds {unknown}


   Skills:
 + Level 4.4 Fighting
 * Level 5.2 Maces & Flails
 + Level 3.5 Armour
 + Level 3.2 Dodging


You had 4 spell levels left.
You didn't know any spells.

Dungeon Overview and Level Annotations

Branches:
Dungeon (3/27)

Altars:


Innate Abilities, Weirdness & Mutations

You reflexively headbutt those who attack you in melee.
You have a pair of horns on your head.


Message History

It drops an orcish dagger.
It picks up a spear.
You hit it. Your headbutt misses it.
An orc wizard appears from thin air!
Reactivating autopickup.
The orc wizard barely misses you.
You closely miss the orc wizard.
The orc wizard is heavily wounded.
The orc wizard hits you but does no damage.
You hit the orc wizard.
The orc wizard is severely wounded.
You are near starving!
The orc wizard casts a spell.
The orc wizard flickers and vanishes!
Deactivating autopickup; reactivate with Ctrl-A.
It hits you but does no damage.
You closely miss it. It hits you.
* * * LOW HITPOINT WARNING * * *
You miss it. Your headbutt misses it.
You hear some strange, mumbled words.
The magic dart hits you!
You die...

#.## ...#
##..# ....
#..#
####..#
#...).# #.#
#)# #.# #@#
#####.###.#
#.........#
#.........#
#.........#
#####.###.#
#.# #.# #
#.# #.# .
#####
#.###.#


There were no monsters in sight!

Vanquished Creatures
  4 gnolls (D:3)
  4 adders
  2 giant geckos
  An ooze (D:1)
  9 orcs (D:3)
  6 bats
  2 giant cockroaches
  8 hobgoblins
  2 jackals (D:1)
  A giant newt (D:1)
  5 goblins
  6 kobolds
  9 rats
59 creatures vanquished.

Vanquished Creatures (others)
  A rat (D:2)
1 creature vanquished.

Grand Total: 60 creatures vanquished

Notes
Turn   | Place    | Note
--------------------------------------------------------------
     0 | D:1      | Kae, the Minotaur Berserker, began the quest for the Orb.
     0 | D:1      | Reached XP level 1. HP: 19/19 MP: 0/0
   114 | D:1      | Reached XP level 2. HP: 19/26 MP: 0/0
   135 | D:1      | Reached skill level 4 in Maces & Flails
   212 | D:1      | Acquired Trog's second power
   695 | D:2      | Reached XP level 3. HP: 26/33 MP: 1/1
   914 | D:2      | Reached XP level 4. HP: 29/40 MP: 1/1
  1295 | D:3      | Reached skill level 5 in Maces & Flails
  1346 | D:3      | Reached XP level 5. HP: 46/46 MP: 1/1
  1364 | D:3      | Killed from afar by an orc wizard

Action                   |  1- 3 |  4- 6 || total
-------------------------+-------+-------++-------
Melee: Mace              |    78 |    49 ||   127
Invok: Berserk           |       |     2 ||     2
